 Dungeon Crawl Stone Soup version 0.21-a0-531-gacddea6 (webtiles) character file.

44 Amnesiac the Vexing (level 3, -2/20 HPs)
             Began as a Deep Elf Arcane Marksman on Dec 12, 2017.
             Slain by Crazy Yiuf
             ... wielding a +4 quarterstaff of chaos
              (12 damage)
             ... on level 2 of the Dungeon.
             The game lasted 00:04:02 (2693 turns).

Amnesiac the Vexing (Deep Elf Arcane Marksman)      Turns: 2693, Time: 00:04:03

Health: -2/20      AC:  2    Str:  8    XL:     3   Next: 39%
Magic:  7/8        EV: 13    Int: 17    God:
Gold:   75         SH:  0    Dex: 15    Spells: 3/6 levels left

rFire    . . .     SeeInvis .   a - +0 shortbow
rCold    . . .     Gourm    .   (shield currently unavailable)
rNeg     . . .     Faith    .   e - +0 robe
rPois    .         Spirit   .   (no helmet)
rElec    .         Reflect  .   (no cloak)
rCorr    .         Harm     .   (no gloves)
MR       .....                  (no boots)
Stlth    +.........             (no amulet)
HPRegen  0.06/turn              (no ring)
MPRegen  0.11/turn              (no ring)

@: no status effects
A: no striking features
a: no special abilities


You were on level 2 of the Dungeon.
You were not hungry.

You visited 1 branch of the dungeon, and saw 2 of its levels.

You collected 75 gold pieces.

Inventory:

Hand Weapons
 a - a +0 shortbow (weapon)
 b - a +0 short sword
 n - a +0 dagger
Missiles
 d - 45 arrows (quivered)
 h - 42 stones
Armour
 e - a +0 robe (worn)
Scrolls
 g - 2 scrolls of enchant armour {!r, unknown}
 k - a scroll of remove curse {!r, unknown}
 p - a scroll of identify {!r, unknown}
 q - a scroll of immolation {!r, unknown}
Potions
 i - 2 potions of curing {!q, unknown}
 j - a potion of haste {!q, unknown}
 m - a potion of ambrosia {!q, unknown}
 o - a potion of cancellation {!q, unknown}
Books
 c - a book of Debilitation

   Spells                             Type                      Level
   a - Corona                         Hexes                        1
   b - Slow                           Hexes                        2
   c - Inner Flame                    Hexes/Fire                   3
   d - Portal Projectile              Hexes/Translocation          3
   e - Cause Fear                     Hexes                        4
   f - Leda's Liquefaction            Hexes/Earth                  4
Comestibles
 f - 2 bread rations


   Skills:
 - Level 1.0 Fighting
 * Level 3.1 Bows
 + Level 2.9 Dodging
 + Level 2.4 Spellcasting
 + Level 4.4 Hexes


You had 3 spell levels left.
You knew the following spells:

 Your Spells              Type           Power        Failure   Level  Hunger
a - Corona                Hex            ###....      3%          1    #......
e - Slow                  Hex            ###.....     4%          2    ##.....


Dungeon Overview and Level Annotations

Branches:
Dungeon (2/15)

Altars:

Annotations:
D:2 Crazy Yiuf


Message History

Casting: Corona
Confirm with . or Enter, or press ? or * to list all spells.
Aiming: Corona
Press: ? - help, Shift-Dir - straight line, f - goblin
Aim: a goblin, wielding a dagger (moderately wounded, chance to defeat MR: 71%)
The goblin is outlined in light.
The goblin hits you with a dagger.
You hit the goblin.
You kill the goblin!
You see here a dagger.
Some of the chunks of flesh in your inventory have rotted away.
i - 2 ruby potions {!q} (gained 1)
Found a stone staircase leading down.
Found a hunting sling.
Found an escape hatch in the floor.
You see here a hunting sling.
Found a runed door.
All of the chunks of flesh in your inventory have rotted away.
Partly explored, unopened runed door.
Partly explored, unopened runed door.
a - a +0 shortbow (weapon)
As you open the door, it creaks loudly!
A kobold and Crazy Yiuf come into view.
Crazy Yiuf is wielding a quarterstaff of chaos.
The kobold shouts!
Crazy Yiuf shouts!
Firing (i - inventory. (,) - cycle):
d - 49 arrows (quivered)
Press: ? - help, Shift-Dir - straight line, f - Crazy Yiuf
Aim: Crazy Yiuf, wielding a quarterstaff of chaos and wearing a runed cloak You shoot an arrow.
The arrow barely misses the kobold.
The arrow hits Crazy Yiuf but does no damage.
Firing (i - inventory. (,) - cycle):
d - 48 arrows (quivered)
Press: ? - help, Shift-Dir - straight line, f/p - Crazy Yiuf
Aim: Crazy Yiuf, wielding a quarterstaff of chaos and wearing a runed cloak You shoot an arrow.
The arrow closely misses the kobold.
The arrow barely misses Crazy Yiuf.
The kobold closely misses you.
Firing (i - inventory. (,) - cycle):
d - 47 arrows (quivered)
Press: ? - help, Shift-Dir - straight line, f/p - Crazy Yiuf
Aim: Crazy Yiuf, wielding a quarterstaff of chaos and wearing a runed cloak You shoot an arrow.
The arrow closely misses the kobold.
The arrow hits Crazy Yiuf!
Crazy Yiuf is moderately wounded.
The kobold hits you with a mace.
Firing (i - inventory. (,) - cycle):
d - 46 arrows (quivered)
Press: ? - help, Shift-Dir - straight line, f/p - Crazy Yiuf
Aim: Crazy Yiuf, wielding a quarterstaff of chaos and wearing a runed cloak (moderately wounded)
You shoot an arrow. The arrow hits the kobold.
You kill the kobold!
Crazy Yiuf cries, "East!"
Casting: Corona
Confirm with . or Enter, or press ? or * to list all spells.
Aiming: Slow
Press: ? - help, Shift-Dir - straight line, f/p - Crazy Yiuf
Aim: Crazy Yiuf, wielding a quarterstaff of chaos and wearing a runed cloak (moderately wounded, chance to defeat MR: 63%) Crazy Yiuf easily resists.
Crazy Yiuf grits, "Action!
Tonal turtle dark."
Crazy Yiuf hits you with a quarterstaff of chaos.
Crazy Yiuf burns you.
* * * LOW HITPOINT WARNING * * *
Crazy Yiuf grits, "Hah leg childish!"
Crazy Yiuf says, "Shadow King unthinkable!"
Crazy Yiuf twirls on the spot.
Crazy Yiuf grits, "Castle childish arm!"
Crazy Yiuf cries, "You leg down broken song, no?"
Crazy Yiuf hits you with a quarterstaff of chaos!
Ouch! That really hurt!
You die...

♣♣)♣ ###.......... ♣.♣♣
##...######... ♣♣.♣
#..### ##.. ♣♣.♣♣
####.## ####... ♣♣...♣
#....# ##>....# ♣....♣
#.#### #.)#.#.# #....#
#.# #.#.>#.#
##..####.#### #.#.##.#
#...##.@....#####.#.##.#
##.###g####..##...#.##.#
#.###.# ##..#.##..#...
#.....######.#.#..##.#.
####......##......#..#.
######..###..#.#.##.
##.....##......
##..#.###.###.
####....##..# #.


You could see Crazy Yiuf.

Vanquished Creatures
  An adder (D:2)
  An ooze (D:1)
  A worm (D:2)
  3 leopard geckos
  4 bats
  A giant cockroach (D:1)
  2 hobgoblins
  2 jackals (D:2)
  A frilled lizard (D:1)
  2 goblins
  4 kobolds
  4 rats
26 creatures vanquished.

Notes
Turn   | Place    | Note
-------+----------+-------------------------------------------
     0 | D:1      | Amnesiac the Deep Elf Arcane Marksman began the quest for the Orb.
     0 | D:1      | Reached XP level 1. HP: 11/11 MP: 5/5
   906 | D:1      | Reached XP level 2. HP: 10/16 MP: 4/6
   910 | D:1      | Learned a level 2 spell: Slow
  1123 | D:1      | Reached skill level 1 in Fighting
  1840 | D:2      | Reached XP level 3. HP: 9/20 MP: 1/8
  2575 | D:2      | Found a runed door.
  2670 | D:2      | Noticed Crazy Yiuf
  2693 | D:2      | Slain by Crazy Yiuf

Vault maps used:
D:1:      giann_horns
D:2:      uniq_crazy_yiuf_cottage

Skill      XL: |  1  2 |
---------------+-------+-----
Fighting       | 1 |  1.0
Spellcasting   | 2 |  2.4
Bows           | 3 |  3.1
Dodging        | |  2.9
Hexes          | |  4.4

Action                   || total
-------------------------++-------
Melee: Unarmed           ||    24
       Dagger            ||    37
       Short sword       ||    25
 Fire: Shortbow          ||    20
Throw: Stone             ||     1
 Cast: Corona            ||    34
       Slow              ||    11
 Stab: Sleeping          ||     1
  Eat: Fruit             ||     1
       Chunk             ||     1
       Meat ration       ||     1
Armor: Robe              ||    27
Dodge: Dodged            ||    70

Table legend:
 A = Spawn XP
 B = Non-spawn XP
 C = Spawn XP percentage of total XP
 D = Spawn monster count
 E = Non-spawn monster count
 F = Spawn count percentage of total count
 G = Total turns spent on level
                    A         B        C        D         E        F      G
               +---------+---------+-------+---------+---------+-------+---------
         Total |       0 |      63 |   0.0 |       0 |      26 |   0.0 |  2693
               +---------+---------+-------+---------+---------+-------+---------
           D:1 |       0 |      28 |   0.0 |       0 |      14 |   0.0 |  1846
           D:2 |       0 |      35 |   0.0 |       0 |      12 |   0.0 |   847
               +---------+---------+-------+---------+---------+-------+---------
